 Dungeon Crawl Stone Soup version 0.30.1-9-gdf580d7c3d (webtiles) character file.

Game seed: 12873001168251710092

3380 Ninjinzu the Slicer (level 9, -1/106 HPs)
             Began as a Demonspawn Berserker on Sept 25, 2023.
             Was a Priest of Trog.
             Slain by a manticore (6 damage)
             ... on level 8 of the Dungeon.
             The game lasted 00:18:17 (6191 turns).

Ninjinzu the Slicer (Demonspawn Berserker)          Turns: 6191, Time: 00:18:17

Health: -1/106     AC:  7    Str: 21    XL:     9   Next: 74%
Magic:  9/9        EV: 24    Int:  9    God:    Trog [***...]
Gold:   470        SH:  4    Dex: 17    Spells: 8/8 levels left

rFire   . . .        t - +1 rapier (venom)
rCold   . . .        (no shield)
rNeg    . . .        A - +0 steam dragon scales
rPois   .            (helmet restricted)
rElec   .            G - +0 cloak {rCorr}
rCorr   +            (no gloves)
SInv    .            (no boots)
Will    .....        (no amulet) Stlth
                     e - +5 ring of evasion
HPRegen 0.37/turn    q - +5 ring of evasion
MPRegen 0.11/turn

%: no passive effects
@: berserking, very quick
A: horns 2, thin skeletal structure 2, powered by pain 1, condensation shield
a: Renounce Religion, Berserk, Trog's Hand


You were on level 8 of the Dungeon.
You worshipped Trog.
Trog was most pleased with you.
You visited 1 branch of the dungeon, and saw 8 of its levels.

You collected 470 gold pieces.

Inventory:

Hand Weapons
 a - a +0 mace
 d - a +1 dagger of venom
 t - a +1 rapier of venom (weapon)
 C - a +1 rapier of distortion
 F - a +3 quarterstaff of chaos
Armour
 b - a +0 animal skin
 r - a +0 plate armour
 A - +0 steam dragon scales (worn)
 G - a +0 cloak of preservation (worn)
Jewellery
 e - a +5 ring of evasion (left hand)
 q - a +5 ring of evasion (right hand)
Wands
 j - a wand of paralysis (20)
 y - a wand of mindburst (21)
 B - a wand of light (5)
Scrolls
 c - 3 scrolls of poison {unknown}
 h - 2 scrolls of identify
 i - 3 scrolls of teleportation
 l - 3 scrolls of noise {unknown}
 m - 2 scrolls of enchant armour {unknown}
 p - a scroll of vulnerability {unknown}
 s - 3 scrolls of immolation {unknown}
 u - 3 scrolls of magic mapping {unknown}
 x - a scroll of amnesia {unknown}
 z - a scroll of enchant weapon {unknown}
 D - a scroll of fog {unknown}
 E - a scroll of blinking {unknown}
Potions
 f - 2 potions of attraction
 g - 2 potions of mutation
 k - a potion of might
 n - 4 potions of brilliance
 o - a potion of heal wounds {unknown}
 v - a potion of degeneration
 w - a potion of magic


   Skills:
 + Level 6.5 Fighting
 + Level 8.3 Short Blades
 + Level 3.1 Maces & Flails
 + Level 5.4 Armour
 + Level 4.4 Dodging
 + Level 3.8 Stealth
 + Level 0.9 Shields


You had 8 spell levels left.
You didn't know any spells.
Your spell library was empty.

Dungeon Overview and Level Annotations

Branches:
Dungeon (8/15)             Temple (0/1) D:4
   Lair: D:8-11

Altars:
Dithmenos
Hepliaklqana
Nemelex Xobeh
Qazlal

Shops:
D:3 =


Innate Abilities, Weirdness & Mutations

You have a pair of horns on your head.
You have a moderately thin skeletal structure. (Dex +4, Stealth++)
You sometimes gain a little power by taking damage.
A meltable shield of frost defends you. (SH +4)


Message History

The killer bee looks as sick as possible!
Your headbutt misses the killer bee.
The killer bee is almost dead.
You kill the killer bee!
Trog accepts your kill. The killer bee completely misses you.
The killer bee closely misses you.
You feel sick.
You kill the killer bee!
Trog accepts your kill.
You see here a killer bee corpse.
You feel sick.
You are no longer poisoned.
You see here a killer bee corpse.
A manticore comes into view.
The manticore completely misses you. The manticore claws you.
You block the manticore's attack.
You barely miss the manticore. The manticore bites you!
The manticore completely misses you. The manticore claws you!
You hit the manticore.
The manticore is lightly wounded.
The manticore bites you!! The manticore claws you!
* * * LOW HITPOINT WARNING * * *
The manticore misses you.
You hit the manticore.
The manticore is poisoned.
The manticore is lightly wounded.
You block the manticore's attack. The manticore claws you!
* * * LOW HITPOINT WARNING * * *
The manticore closely misses you.
You hit the manticore but do no damage. You headbutt the manticore!
The manticore is moderately wounded.
A red film seems to cover your vision as you go berserk!
You feel yourself moving faster!
You feel mighty! The manticore misses you. The manticore claws you!
* * * LOW HITPOINT WARNING * * *
The manticore completely misses you.
You puncture the manticore!
The manticore looks as sick as possible!
The manticore is severely wounded.
The manticore bites you.
You die...

#..†...........#......
##.†.................
...................# .
...................# ..
..........###......##...
.....#....#.#...........
....##.........#........
....##......####........
#.....#......##H@.......
#....###.....###........
###### ####.## ##.......
#.# ....... ### ##.###.
##


You could see a manticore (extremely poisoned).

Vanquished Creatures
  The ghost of laqueoix the Cleaver, a novice HOFi of Okawaru (D:7)
  Joseph (D:7)
  A kobold demonologist (D:7)
  2 steam dragons
  Duvessa (D:6)
  A sky beast (D:8)
  An ice beast (D:5)
  An ogre (D:7)
  A centaur (D:5)
  5 kobold brigands (D:7)
  3 bullfrogs
  4 scorpions
  Dowan (D:6)
  3 killer bees (D:8)
  3 jellies
  Crazy Yiuf (D:7)
  6 hounds
  An iguana (D:6)
  3 sleepcaps
  3 orc wizards
  9 adders
  A shadow imp (D:6)
  An ufetubus (D:6)
  4 dart slugs
  12 orcs
  3 bats
  7 endoplasms
  7 giant cockroaches
  9 hobgoblins
  2 jackals (D:4)
  6 quokkas
  5 ball pythons
  3 frilled lizards
  5 goblins
  9 kobolds
  5 rats
131 creatures vanquished.

Notes
Turn   | Place    | Note
-------+----------+-------------------------------------------
     0 | D:1      | Ninjinzu the Demonspawn Berserker began the quest for the
                  | Orb.
     0 | D:1      | Reached XP level 1. HP: 18/18 MP: 1/1
   249 | D:1      | Gained mutation: You have a pair of small horns on your
                  | head. [demonic ancestry]
   249 | D:1      | Reached XP level 2. HP: 18/24 MP: 2/2
   507 | D:1      | Found a faded altar of an unknown god.
   933 | D:2      | Reached XP level 3. HP: 29/29 MP: 3/3
  1061 | D:2      | Reached skill level 1 in Short Blades
  1278 | D:2      | Reached ** piety under Trog
  1356 | D:2      | Reached XP level 4. HP: 37/37 MP: 4/4
  2051 | D:3      | Found Bifydeg's Jewellery Boutique.
  2197 | D:3      | Found a sparkling altar of Nemelex Xobeh.
  2215 | D:3      | Found a shadowy altar of Dithmenos.
  2215 | D:3      | Found a hazy altar of Hepliaklqana.
  2218 | D:3      | Noticed a shadow
  2358 | D:3      | Reached skill level 2 in Short Blades
  2496 | D:4      | Noticed a scorpion
  2509 | D:4      | Killed a scorpion
  2510 | D:4      | Gained mutation: You sometimes gain a little power by
                  | taking damage. [demonic ancestry]
  2510 | D:4      | Reached XP level 5. HP: 28/42 MP: 5/5
  2595 | D:4      | Reached skill level 1 in Stealth
  2706 | D:4      | Reached skill level 3 in Short Blades
  2716 | D:4      | Found a staircase to the Ecumenical Temple.
  2811 | D:4      | Gained mutation: You have a somewhat thin skeletal
                  | structure. (Dex +2, Stealth+) [demonic ancestry]
  2811 | D:4      | Reached XP level 6. HP: 33/48 MP: 6/6
  3221 | D:5      | Entered Level 5 of the Dungeon
  3285 | D:5      | Reached *** piety under Trog
  3382 | D:5      | Noticed an ice beast
  3401 | D:5      | Killed an ice beast
  3474 | D:5      | Reached skill level 4 in Short Blades
  3474 | D:5      | Gained mutation: You have a pair of horns on your head.
                  | [demonic ancestry]
  3474 | D:5      | Reached XP level 7. HP: 55/55 MP: 7/7
  4200 | D:6      | Reached skill level 5 in Short Blades
  4415 | D:6      | Noticed a steam dragon
  4425 | D:6      | Killed a steam dragon
  4426 | D:6      | Gained mutation: You have a moderately thin skeletal
                  | structure. (Dex +4, Stealth++) [demonic ancestry]
  4426 | D:6      | Reached XP level 8. HP: 57/61 MP: 8/8
  4562 | D:6      | Reached skill level 5 in Fighting
  4587 | D:6      | Noticed Dowan
  4595 | D:6      | Noticed Duvessa
  4598 | D:6      | Killed Dowan
  4610 | D:6      | Killed Duvessa
  5006 | D:7      | Reached skill level 6 in Short Blades
  5006 | D:7      | Reached skill level 5 in Armour
  5074 | D:7      | Noticed Joseph
  5090 | D:7      | Killed Joseph
  5292 | D:7      | Found a stormy altar of Qazlal.
  5390 | D:7      | Gained mutation: A meltable shield of frost defends you.
                  | (SH +4) [demonic ancestry]
  5390 | D:7      | Reached XP level 9. HP: 60/69 MP: 9/9
  5440 | D:7      | Found a runed translucent gate.
  5440 | D:7      | Found a runed translucent gate.
  5440 | D:7      | Found a runed translucent gate.
  5443 | D:7      | Noticed laqueoix's ghost (novice HOFi)
  5447 | D:7      | Noticed a kobold demonologist
  5605 | D:7      | Found a runed translucent door.
  5606 | D:7      | Noticed Crazy Yiuf
  5756 | D:7      | Noticed a rust devil
  5767 | D:7      | Reached skill level 7 in Short Blades
  5781 | D:7      | Killed a kobold demonologist
  5804 | D:7      | Killed laqueoix's ghost
  5808 | D:7      | Reached skill level 8 in Short Blades
  5837 | D:7      | Paralysed by a kobold brigand for 5 turns
  5963 | D:7      | Killed Crazy Yiuf
  6183 | D:8      | Noticed a manticore
  6190 | D:8      | HP: 5/106 [manticore (7)]
  6191 | D:8      | Slain by a manticore

Illustrated notes

Levels and vault maps discovered:
D:1:      dpeg_arrival_simpleton_c, layout_loops_ring,
          shapermc_ecumenical_altar_venn
D:2:      layout_loops_ring, dk_vineyard_1, grunt_ministairs_14,
          kennysheep_nondescript
D:3:      layout_basic, riverfiend_overflow_shadow_ancestor,
          mainiacjoe_overflow_alcove_4, serial_shops, nicolae_shop_trees,
          minmay_cupped
D:4:      layout_cave_pods, minmay_temple_entry_ruins
D:5:      layout_rooms, zin_treasury
D:6:      layout_loops_ring, uniq_duvessa
D:7:      layout_basic, grunt_qazlal_clouds, gammafunk_ghost_nasty_kobolds,
          minmay_misc_feat_five, serial_park_tiny_2, uniq_joseph,
          uniq_crazy_yiuf_cottage
D:8:      layout_cave_pools, nicolae_wooded_promenade, kennysheep_small_circle,
          uniq_amaemon

Skill      XL: |  1  2  3  4  5  6  7  8  9 |
---------------+----------------------------+-----
Maces & Flails | 3 |  3.1
Short Blades   | 1 2 3 4 5 6 8 |  8.3
Dodging        | 2 3 4 |  4.4
Fighting       | 4 5 6 |  6.5
Armour         | 2 4 5 |  5.4
Stealth        | 1 2 3 |  3.8
Shields        | |  0.9

Action                     |  1- 3 |  4- 6 |  7- 9 || total
---------------------------+-------+-------+-------++-------
  Melee: Mace              |    28 |       |       ||    28
         Dagger            |    79 |    70 |       ||   149
         Punch             |     2 |     2 |     5 ||     9
         Headbutt          |    12 |    27 |    48 ||    87
         Rapier            |       |    73 |   208 ||   281
 Invoke: Berserk           |       |     1 |     4 ||     5
         Trog's Hand       |       |       |     1 ||     1
    Use: Scroll            |       |       |     5 ||     5
         Potion            |       |       |     5 ||     5
   Stab: Sleeping          |     1 |       |     4 ||     5
 Armour: Animal skin       |    16 |     5 |       ||    21
         Plate armour      |       |    47 |    31 ||    78
         Steam dragon scal |       |       |    13 ||    13
  Dodge: Dodged            |    74 |   145 |   239 ||   458
  Block: Other             |       |       |    13 ||    13
